[Event "Madrid-chT 1920"]
[Site "Madrid"]
[Date "2020.02.29"]
[Round "11.6"]
[White "Rodrigo Yanguas, Maria"]
[Black "Lopez del Alamo, Antonio"]
[Result "0-1"]
[ECO "B22"]
[WhiteElo "2096"]
[BlackElo "2271"]
[PlyCount "69"]
[EventDate "2019.11.24"]
[EventType "team-tourn"]
[EventRounds "14"]
[EventCountry "ESP"]
[SourceVersionDate "2019.11.24"]
[WhiteTeam "Virgen de Atocha"]
[BlackTeam "Villalba 64"]
[WhiteTeamCountry "ESP"]
[BlackTeamCountry "ESP"]
[TimeControl "60"]

{600MB, Fritz11.ctg} 1. e4 c5 2. c3 Nf6 3. e5 Nd5 4. d4 cxd4 5. Qxd4 e6 6. Nf3
Nc6 7. Qe4 f5 8. Qe2 Qc7 9. g3 Nde7 10. Na3 Ng6 11. Nc4 b5 12. Nd6+ Bxd6 13.
exd6 Qxd6 14. Bg2 O-O 15. O-O Rb8 16. Rd1 Qc7 17. h4 d6 18. a4 a6 19. axb5 axb5
20. Ng5 Rf6 21. b3 h6 22. Nf3 Nge7 23. c4 b4 24. Bb2 Rf8 25. Qd2 Rd8 26. h5 e5
27. Nh4 Be6 28. Bd5 Bxd5 29. cxd5 Na5 30. Qd3 Nb7 31. Nxf5 Nxf5 32. Qxf5 Nc5
33. Rac1 Rf8 34. Qc2 Rbc8 35. Qe4 0-1